Construct Section Command Post
Construct Platoon Command Post
Unlock Bishop Self-propelled Artillery
Bishop Self-propelled Artillery
Bishop Self-propelled Artillery
Construct Field Infirmary
Construct Company Command Post
Unlock M3 Grant Medium Tanks
Selects Air and Sea Battlegroup
Selects Naval Bombardment
Selects Commando Section Paradrop
Selects M1 Pack Howitzer Paradrop
Selects Anti-tank Rocket Loiter